 Dungeon Crawl Stone Soup version 0.29.1-1-gd02db6906a (webtiles) character file.

Game seed: 11059600289205988890

17705 LabCoat the Fighter (level 12, -1/112 HPs)
             Began as a Hill Orc Fighter on Oct 12, 2022.
             Was a Priest of Trog.
             Slain by a boulder beetle (8 damage)
             ... on level 1 of the Lair of Beasts.
             The game lasted 00:50:08 (16283 turns).

LabCoat the Fighter (Hill Orc Fighter)             Turns: 16283, Time: 00:50:09

Health: -1/112     AC: 22    Str: 30    XL:     12   Next: 50%
Magic:  12/12      EV:  9    Int:  8    God:    Trog [***...]
Gold:   301        SH:  5    Dex: 10    Spells: 11/11 levels left

rFire   . . .      SeeInvis .   a - +0 war axe (freeze)
rCold   . . .      Faith    .   c - +0 buckler
rNeg    . . .      Spirit   .   D - +0 plate armour
rPois   .          Reflect  .   e - +0 helmet
rElec   .          Harm     .   r - +2 cloak {Stlth+}
rCorr   .          Rampage  .   J - +0 pair of gloves
Will    +....                   h - +1 pair of boots
Stlth   ..........              (no amulet)
HPRegen 0.28/turn               k - +6 ring of strength
MPRegen 0.13/turn               u - ring of willpower

@: marked
A: no striking features
a: Renounce Religion, Berserk, Trog's Hand


You were on level 1 of the Lair of Beasts.
You worshipped Trog.
Trog was most pleased with you.
You visited 3 branches of the dungeon, and saw 13 of its levels.

You collected 672 gold pieces.
You spent 371 gold pieces at shops.

Inventory:

Hand Weapons
 a - a +0 war axe of freezing (weapon)
 b - a +5 sling of flaming
 G - a +1 morningstar of draining
Missiles
 n - a silver boomerang
 p - 3 throwing nets
 y - 11 poisoned darts
Armour
 c - a +0 buckler (worn)
 e - a +0 helmet (worn)
 h - a +1 pair of boots (worn)
 r - a +2 cloak of stealth (worn)
 D - a +0 plate armour (worn)
 J - a +0 pair of gloves (worn)
Jewellery
 k - a +6 ring of strength (left hand)
 u - a ring of willpower (right hand)
 I - a ring of see invisible
Wands
 g - a wand of flame (1) (quivered)
 w - a wand of polymorph (10)
 x - a wand of digging (8)
Scrolls
 l - 8 scrolls of teleportation
 m - 4 scrolls of magic mapping
 o - a scroll of fear {unknown}
 z - a scroll of noise {unknown}
 A - a scroll of enchant weapon {unknown}
 B - a scroll of fog
 C - a scroll of summoning {unknown}
 F - a scroll of vulnerability {unknown}
Potions
 d - 2 potions of haste
 f - a potion of curing
 i - a potion of brilliance
 j - 2 potions of flight {unknown}
 q - 2 potions of lignification {unknown}
 s - a potion of ambrosia
 t - 2 potions of magic {unknown}
 v - a potion of heal wounds {unknown}
 E - 2 potions of berserk rage {unknown}


   Skills:
 * Level 12.1 Fighting
 + Level 11.3 Axes
 + Level 4.0 Ranged Weapons
 + Level 6.0 Throwing
 + Level 8.1 Armour
 * Level 5.4 Dodging
 + Level 8.3 Shields
 + Level 6.6 Evocations


You had 11 spell levels left.
You didn't know any spells.
Your spell library contained the following spells:

 Spells                   Type           Power      Damage    Failure   Level
 Apportation              Tloc           0%         N/A       99%         1
 Beastly Appendage        Tmut           0%         N/A       99%         1
 Necrotise                Necr           0%         1d4       99%         1
 Shock                    Conj/Air       0%         1d3       99%         1
 Sting                    Tmut/Pois      0%         1d3       99%         1
 Summon Small Mammal      Summ           0%         N/A       99%         1
 Blink                    Tloc           0%         N/A       100%        2
 Poisonous Vapours        Pois/Air       0%         N/A       100%        2
 Wereblood                Tmut           0%         N/A       100%        2
 Ozocubu's Armour         Ice            0%         N/A       100%        3
 Spider Form              Tmut/Pois      0%         N/A       100%        3
 Swiftness                Air            0%         N/A       100%        3
 Vampiric Draining        Necr           0%         2d6       100%        3
 Airstrike                Air            0%         2d(0-16)  100%        4
 Animate Dead             Necr           0%         N/A       100%        4
 Olgreb's Toxic Radiance  Pois           0%         N/A       100%        4
 Agony                    Necr           0%         N/A       100%        5
 Borgnjor's Vile Clutch   Necr/Erth      0%         N/A       100%        5
 Manifold Assault         Tloc           0%         N/A       100%        5
 Death Channel            Necr           0%         N/A       100%        6
 Dispersal                Tloc           0%         N/A       100%        6
 Ozocubu's Refrigeration  Ice            0%         4d7       100%        7
 Storm Form               Tmut/Air       0%         N/A       100%        7
 Disjunction              Tloc           0%         N/A       100%        8
 Ignition                 Fire           0%         3d3       100%        8


Dungeon Overview and Level Annotations

Branches:
Dungeon (11/15)            Temple (1/1) D:4            Lair (1/5) D:11
    Orc (0/2) D:11

Altars:
Ashenzari
Cheibriados
Dithmenos
Elyvilon
Fedhas
Gozag
Hepliaklqana
Kikubaaqudgha
Makhleb
Nemelex Xobeh
Okawaru
Qazlal
Ru
Sif Muna
Trog
Uskayaw
Vehumet
Wu Jian
Xom
Yredelemnul
Zin
The Shining One
Beogh

Shops:
D:4 *   D:7 [   D:9 [   D:11 ((([

Annotations:
D:5 3 runed translucent doors, kalagan's ghost, novice DECj
D:9 2 transporters, Kaiern's ghost, novice GrFE
Lair:1 Fannar


Message History

You miss the black mamba.
The black mamba is heavily wounded.
You feel very sick. The black mamba bites you.
* * * LOW HITPOINT WARNING * * *
You feel better. You block the black mamba's attack.
You hit the black mamba but do no damage.
The black mamba is heavily wounded.
The black mamba bites you but does no damage.
You slash the black mamba!
The black mamba seems to slow down.
You freeze the black mamba!
You kill the black mamba!
Trog accepts your kill.
Your Throwing skill increases to level 6!
You start resting.
A boulder beetle comes into view.
Aiming: Throw Flame
Press: ? - help, Q - select action, (/) - cycle Shift-Dir - straight line, f - boulder beetle
Aim: a boulder beetle (wandering, hasn't noticed you, 100% to hit)
The puff of flame hits the boulder beetle but does no damage.
The boulder beetle curls into a ball and begins rolling!
The boulder beetle attacks as you move away!
The boulder beetle hits you.
The boulder beetle stops rolling and uncurls.
The boulder beetle curls into a ball and begins rolling!
The boulder beetle sets off the alarm!
The alarm trap emits a blaring wail!
A sentinel's mark forms upon you.
You hear an angry hiss.
You hear a bellow! x4; You hear a croak.
You hear a bellow! x2; You hear an angry hiss.
You hear a bellow! x2
You hear an angry hiss. x2; You hear a horrible gurgling sound!
The boulder beetle hits you!!!
The boulder beetle stops rolling and uncurls.
The boulder beetle curls into a ball and begins rolling!
The boulder beetle hits you!!
* * * LOW HITPOINT WARNING * * *
The boulder beetle stops rolling and uncurls.
There is a staircase back to the Dungeon, spattered with blood here.
You feel better. The boulder beetle bites you!
You die...

....................
....................
....................
..######.....#.#####
##....### #.....#
#....## P...# #....#
#...# #..@.# #...#
#...B##### ##...#
#....°.#.###....####
#...................
##...................
#..............†!....
##...................
###.#######.#....##.
### ###...##


You could see a boulder beetle.

Vanquished Creatures
  Harold (D:10)
  2 two-headed ogres
  A boulder beetle (D:10)
  3 death yaks
  A cyclops (D:10)
  An ugly thing (D:10)
  A wolf spider (shapeshifter) (D:10)
  A manticore (D:11)
  Joseph (D:7)
  A black mamba (Lair:1)
  A cane toad (Lair:1)
  Maggie (D:10)
  2 trolls (D:10)
  A polar bear (D:9)
  Prince Ribbit (D:7)
  2 hornets
  A centaur simulacrum (D:10)
  A shadow (D:9)
  A wraith (D:10)
  3 wyverns
  6 yaks (D:11)
  4 vampire mosquitoes
  3 steam dragons
  3 acid dragons (D:11)
  2 water moccasins
  Duvessa (D:7)
  3 sky beasts (D:7)
  4 orc warriors
  4 black bears
  4 ice beasts
  A wolf (D:10)
  3 ogres
  10 centaurs
  2 phantoms
  2 kobold brigands
  A gnoll sergeant (D:11)
  3 necrophages
  8 scorpions
  11 wights
  Dowan (D:7)
  A water moccasin skeleton (D:4)
  19 killer bees
  3 vampire bats (D:3)
  2 electric eels (D:10)
  8 hounds
  A jelly (D:6)
  7 orc priests
  A gnoll bouda (D:7)
  2 iguanas
  9 orc wizards
  2 hell rats (D:11)
  A scorpion zombie (D:4)
  2 hound zombies (D:4)
  A hound skeleton (D:4)
  A howler monkey skeleton (D:4)
  5 adders
  19 gnolls
  A river rat (D:11)
  A shadow imp (D:7)
  A white imp (D:10)
  2 ufetubi (D:10)
  An adder zombie (D:4)
  5 worms
  4 dart slugs
  22 orcs
  4 bats (D:1)
  4 bat skeletons (D:3)
  2 bat zombies (D:3)
  8 endoplasms
  4 giant cockroaches (D:1)
  6 goblins
  8 hobgoblins
  4 jackals
  9 quokkas
  5 ball pythons
  5 frilled lizards
  16 kobolds
  A quokka skeleton (D:4)
  9 rats
309 creatures vanquished.

Vanquished Creatures (others)
  7 fungi (D:5)
  2 plants (Lair:1)
  5 withered plants (D:4)
14 creatures vanquished.

Grand Total: 323 creatures vanquished

Notes
Turn   | Place    | Note
-------+----------+-------------------------------------------
     0 | D:1      | LabCoat the Hill Orc Fighter began the quest for the Orb.
     0 | D:1      | Reached XP level 1. HP: 19/19 MP: 1/1
    75 | D:1      | Reached XP level 2. HP: 13/27 MP: 2/2
   455 | D:1      | Reached skill level 4 in Fighting
   525 | D:1      | Found a faded altar of an unknown god.
   642 | D:1      | Reached XP level 3. HP: 33/33 MP: 3/3
  1457 | D:2      | Reached XP level 4. HP: 24/40 MP: 4/4
  2201 | D:3      | Noticed a steam dragon
  2208 | D:3      | Killed a steam dragon
  2209 | D:3      | Reached skill level 1 in Throwing
  2209 | D:3      | Reached skill level 1 in Evocations
  2209 | D:3      | Reached XP level 5. HP: 39/47 MP: 5/5
  2295 | D:3      | Reached skill level 5 in Fighting
  2295 | D:3      | Reached XP level 6. HP: 20/56 MP: 6/6
  2581 | D:3      | Found an ancient bone altar of Kikubaaqudgha.
  2592 | D:3      | Reached skill level 5 in Axes
  3307 | D:4      | Reached XP level 7. HP: 57/61 MP: 7/7
  3612 | D:4      | Found a staircase to the Ecumenical Temple.
  3637 | D:5      | Entered Level 5 of the Dungeon
  3685 | Temple   | Entered the Ecumenical Temple
  3691 | Temple   | Became a worshipper of Trog the Wrathful
  3840 | D:4      | Reached skill level 6 in Fighting
  3927 | D:4      | Found Cuepsajo's Overcharged Wands.
  3961 | D:4      | Reached XP level 8. HP: 60/71 MP: 8/8
  4045 | D:4      | Reached * piety under Trog
  4609 | D:5      | Reached skill level 5 in Shields
  4629 | D:5      | Found an ornate altar of the Wu Jian Council.
  4630 | D:5      | Found a glowing golden altar of the Shining One.
  4630 | D:5      | Found a white marble altar of Elyvilon.
  4784 | D:5      | Reached skill level 7 in Fighting
  4791 | D:5      | Found a runed translucent gate.
  4794 | D:5      | Found a runed translucent gate.
  4796 | D:5      | Found a runed translucent gate.
  4869 | D:5      | Reached skill level 5 in Armour
  5186 | D:5      | Reached XP level 9. HP: 72/80 MP: 9/9
  5374 | D:5      | Found a hide-covered altar of Uskayaw.
  5479 | D:5      | Noticed kalagan's ghost (novice DECj)
  5609 | D:5      | Noticed a two-headed ogre
  5615 | D:5      | Killed a two-headed ogre
  5616 | D:5      | Reached skill level 8 in Fighting
  6268 | D:6      | Reached ** piety under Trog
  6329 | D:6      | Found a shimmering blue altar of Sif Muna.
  6749 | D:6      | Reached skill level 9 in Fighting
  7094 | D:7      | Noticed Joseph
  7103 | D:7      | Killed Joseph
  7104 | D:7      | Reached XP level 10. HP: 78/91 MP: 10/10
  7599 | D:7      | Reached skill level 1 in Dodging
  7602 | D:7      | Found a broken altar of Ashenzari.
  7613 | D:7      | Found Gifixeseke's Armour Shop.
  7940 | D:7      | Noticed Prince Ribbit
  7960 | D:7      | Killed Prince Ribbit
  7961 | D:7      | Reached skill level 1 in Ranged Weapons
  7961 | D:7      | Reached skill level 5 in Evocations
  8073 | D:7      | Noticed Dowan
  8074 | D:7      | Noticed Duvessa
  8096 | D:7      | Killed Duvessa
  8100 | D:7      | Killed Dowan
  9095 | D:8      | Reached skill level 10 in Axes
  9109 | D:8      | Reached skill level 10 in Fighting
 10432 | D:9      | Noticed Kaiern's ghost (novice GrFE)
 10443 | D:9      | Found Vecagh's Armour Shop.
 10580 | D:9      | Found a transporter.
 10585 | D:9      | Found a transporter.
 11045 | D:9      | Reached XP level 11. HP: 101/101 MP: 11/11
 11353 | D:10     | Entered Level 10 of the Dungeon
 11821 | D:10     | Noticed a two-headed ogre
 11829 | D:10     | Noticed Maggie
 11830 | D:10     | Killed a two-headed ogre
 11831 | D:10     | Reached skill level 5 in Throwing
 11837 | D:10     | Killed Maggie
 12000 | D:10     | Noticed a red ugly thing
 12002 | D:10     | Noticed a boulder beetle
 12137 | D:10     | Noticed Harold
 12149 | D:10     | Killed Harold
 12182 | D:10     | Noticed a cyclops
 12650 | D:10     | Paralysed by a hornet for 1 turns
 12751 | D:10     | Killed a red ugly thing
 12752 | D:10     | Reached skill level 11 in Fighting
 13030 | D:10     | Noticed Maurice
 13032 | D:10     | Noticed Maurice
 13032 | D:10     | Maurice changed into Maurice the worm
 13038 | D:10     | Killed Maurice the worm
 13158 | D:10     | Noticed a wolf spider
 13176 | D:10     | Killed a wolf spider
 13332 | D:10     | Killed a cyclops
 13418 | D:10     | Found a roughly hewn altar of Beogh.
 13674 | D:11     | Found Apsobbax's Antique Armour Boutique.
 13730 | D:11     | Found a staircase to the Orcish Mines.
 13744 | D:11     | Found Vymivir's Weapon Shoppe.
 13768 | D:11     | Noticed a death yak
 13775 | D:11     | Reached XP level 12. HP: 110/110 MP: 12/12
 13782 | D:11     | Noticed a death yak
 13910 | D:11     | Reached *** piety under Trog
 14131 | D:11     | Bought a pair of embroidered boots for 232 gold pieces
 14131 | D:11     | Bought a pair of gloves for 139 gold pieces
 14142 | D:11     | Noticed a death yak
 14428 | D:10     | Killed a boulder beetle
 14429 | D:10     | Reached skill level 5 in Dodging
 14607 | D:10     | Killed a death yak
 14619 | D:10     | Killed a death yak
 15199 | D:11     | Killed a death yak
 15200 | D:11     | Reached skill level 12 in Fighting
 15500 | D:11     | Found Nusoguo's Weapon Boutique.
 15600 | D:11     | Found a staircase to the Lair.
 15665 | D:11     | Found Tasefobb's Antique Weapon Boutique.
 15705 | D:11     | Found a radiant altar of Vehumet.
 15782 | Lair:1   | Entered Level 1 of the Lair of Beasts
 15918 | Lair:1   | Noticed Fannar
 16270 | Lair:1   | Noticed a boulder beetle
 16282 | Lair:1   | HP: 2/112 [boulder beetle (35)]
 16283 | Lair:1   | Slain by a boulder beetle

Illustrated notes

Levels and vault maps discovered:
D:1:      dpeg_arrival_renting, layout_loops_ring,
          shapermc_ecumenical_altar_ellora, minmay_parallelograms,
          minmay_worlds_worst_comb
D:2:      layout_loops_ring, grunt_ministairs_11, corexii_corridor_pit,
          minivault_26, minmay_misc_feat_ornament
D:3:      layout_basic, kennysheep_vampire_church
D:4:      layout_loops_ring, minmay_temple_entry_drinking_statues,
          serial_undead, serial_undead_b, serial_undead_e, serial_undead_f,
          serial_undead_d, nicolae_shop_overcharged_wands
D:5:      layout_basic, mainiacjoe_overflow_cross_hatched,
          chequers_temple_overflow_statue_of_worship, gammafunk_ghost_icy
D:6:      layout_gridville, lemuel_tele_altar, dreamdust_gnoll_farm
D:7:      layout_cave_pods, old_standard_altar, serial_shops,
          nicolae_shop_window_shopping, minmay_misc_feat_rows,
          hangedman_decor_slide_cut, minmay_misc_feat_doors, uniq_duvessa,
          uniq_joseph, uniq_prince_ribbit1
D:8:      layout_loops_corners
D:9:      layout_stronghold, serial_shops, shop, gammafunk_ghost_hive
D:10:     minmay_bloctagon_deflated, layout_basic, serial_ice, serial_ice_i,
          serial_ice_h, serial_ice_m, serial_ice_n, st_stairs_1,
          david_defended_altar_orc, uniq_maggie, uniq_maurice, uniq_harold
D:11:     layout_rooms, dpeg_lair_monsters, orc_david_3, serial_shops,
          kennysheep_mini, nicolae_shop_bloodbath_and_beyond, shop,
          nicolae_vehumet_altar_sigil
Temple:   hellmonk_temple_two_chambers
Lair:1:   layout_hall_layers, basic_altar, uniq_gastronok, uniq_fannar

Skill      XL: |  1  2  3  4  5  6  7  8  9 10 11 12 |
---------------+-------------------------------------+-----
Axes           | 3 4 5 6 7 9 10 11 | 11.3
Fighting       | 4 5 6 7 9 10 11 12 | 12.1
Throwing       | 1 2 3 4 5 6 |  6.0
Shields        | 4 5 6 7 8 |  8.3
Evocations     | 1 2 3 4 5 6 |  6.6
Armour         | 4 5 6 7 8 |  8.1
Dodging        | 2 4 5 |  5.4
Ranged Weapons | 2 3 4 |  4.0

Action                   |  1- 3 |  4- 6 |  7- 9 | 10-12 || total
-------------------------+-------+-------+-------+-------++-------
Melee: War axe           |   128 |   113 |   262 |   512 ||  1015
       Sling             |       |       |       |     2 ||     2
 Fire: Sling             |       |       |       |    68 ||    68
Throw: Dart              |     7 |     5 |    18 |    13 ||    43
       Boomerang         |       |       |     2 |    37 ||    39
       Throwing net      |       |       |     1 |       ||     1
Invok: Berserk           |       |       |     4 |    10 ||    14
       Trog's Hand       |       |       |       |     8 ||     8
Evoke: Wand              |       |       |     5 |    33 ||    38
  Use: Scroll            |     5 |       |     6 |     9 ||    20
       Potion            |       |     3 |     2 |     8 ||    13
 Stab: Paralysed         |       |       |       |     3 ||     3
Armor: Scale mail        |    59 |    36 |       |       ||    95
       Chain mail        |       |    38 |   156 |    87 ||   281
       Plate armour      |       |       |       |   282 ||   282
Dodge: Dodged            |    57 |    79 |   120 |   260 ||   516
Block: Buckler           |    25 |    27 |    58 |   162 ||   272
